AoeStats
← miguelon01

Arabia

507173516Analyzed
4v4 RM · 16d ago on Sep 17, 2026· 49m 31s· 8 players
Game mode
Random Map
Map size
Large (8 player)
Population
200
Speed
Normal
Resources
Standard
Victory
Conquest
Starting age
Dark Age
Ending age
Imperial Age
RankedLock teamsTeams togetherTeam positionsShared explorationLock speedFull tech treeHidden civsTurbo modeCheats
Victory
Defeat
🇪🇸 Maya · Spain
1150
+13
🇧🇷 Poles · Brazil
1137
+14
🇦🇷 Britons · Argentina
1136
+14
🇨🇳 Poles · China
1125
+14
🇺🇸 Khmer · United States
1108
-14
🇺🇸 Cumans · United States
1107
-15
🇨🇦 Huns · Canada
1064
-13
🇺🇸 Burmese · United States
1059
-13
Homestarr
10:53 Feudal Age
10:37 Loom
14:03 Castle Age
12:46 Double-Bit Axe
24:23 Bloodlines
24:33 Husbandry
26:56 Gold Mining
27:19 Bow Saw
27:39 Fletching
28:00 Forging
29:21 Padded Archer Armor
30:05 Wheelbarrow
33:01 Bodkin Arrow
32:59 Elite Skirmisher
33:32 Light Cavalry
37:10 Pikeman
41:14 Horse Collar
41:42 Scale Mail Armor
46:53 Iron Casting
wyrdJ
10:38 Feudal Age
10:08 Loom
13:21 Double-Bit Axe
16:09 Padded Archer Armor
17:17 Horse Collar
24:06 Scale Mail Armor
25:08 Fletching
31:51 Castle Age
31:56 Elite Skirmisher
35:10 Leather Archer Armor
35:07 Thumb Ring
36:52 Wheelbarrow
36:16 Pikeman
37:33 Heavy Plow
40:17 Chain Mail Armor
44:04 Imperial Age
42:23 Bodkin Arrow
42:50 Ballistics
44:22 Forging
44:12 Murder Holes
45:51 Hand Cart
47:08 Conscription
48:09 Plate Mail Armor
47:04 Halberdier
47:46 Squires
kinggsa1
0:58 Loom
11:16 Feudal Age
11:56 Horse Collar
12:55 Wheelbarrow
20:41 Castle Age
20:40 Scale Barding Armor
21:23 Bloodlines
23:50 Gold Mining
28:45 Husbandry
29:39 Forging
35:30 Imperial Age
34:38 Heavy Plow
35:13 Hand Cart
35:44 Pikeman
36:25 Squires
46:51 Elite Battle Elephant
jalouis79
4:00 Loom
12:05 Feudal Age
17:32 Castle Age
16:02 Double-Bit Axe
16:15 Horse Collar
17:01 Fletching
18:03 Bloodlines
18:57 Padded Archer Armor
22:11 Gold Mining
23:28 Wheelbarrow
23:33 Heavy Plow
24:33 Leather Archer Armor
24:52 Bow Saw
25:18 Bodkin Arrow
26:51 Pikeman
28:13 Husbandry
28:55 Scale Mail Armor
30:33 Ballistics
31:35 Thumb Ring
31:33 Stone Mining
33:51 Squires
33:37 Arson
35:55 Gold Shaft Mining
35:43 Forging
35:54 Hand Cart
40:26 Imperial Age
39:00 Chain Mail Armor
38:58 Masonry
40:34 Iron Casting
39:58 Elite Skirmisher
41:07 Scale Barding Armor
41:37 Parthian Tactics
40:35 Heavy Cavalry Archer
42:02 Conscription
42:16 Bracer
44:18 Two-Man Saw
43:18 Halberdier
45:57 Blast Furnace
46:00 Chemistry
45:02 Cavalier
49:57 Chain Barding Armor
49:00 Paladin
[KBRA] Oeseka
0:27 Loom
10:42 Feudal Age
13:07 Double-Bit Axe
21:03 Castle Age
19:59 Fletching
24:27 Castle Age
24:53 Crossbowman
25:30 Bodkin Arrow
25:56 Bow Saw
27:03 Padded Archer Armor
28:47 Horse Collar
37:03 Heavy Plow
37:41 Wheelbarrow
40:32 Imperial Age
38:16 Thumb Ring
38:35 Ballistics
38:22 Gold Mining
39:30 Stone Mining
40:07 Scale Mail Armor
40:22 Leather Archer Armor
40:18 Forging
40:29 Hand Cart
40:38 Eagle Warrior
41:22 Arbalester
42:11 Bracer
43:47 Chain Mail Armor
44:53 Chemistry
45:27 Iron Casting
45:23 Ring Archer Armor
46:28 Plate Mail Armor
45:21 Pikeman
46:01 Squires
47:48 Conscription
48:04 Holcans
49:08 Blast Furnace
49:30 Two-Man Saw
48:26 Halberdier
miguelon01
11:52 Feudal Age
17:52 Castle Age
16:16 Stone Mining
16:29 Double-Bit Axe
17:28 Horse Collar
18:33 Loom
20:35 Gold Mining
23:01 Bow Saw
24:16 Fletching
26:34 Wheelbarrow
31:55 Imperial Age
30:49 Bodkin Arrow
31:32 Szlachta Privileges
31:39 Bloodlines
31:59 Husbandry
32:55 Cavalier
33:56 Forging
34:59 Scale Barding Armor
39:06 Iron Casting
40:58 Heavy Plow
41:46 Chain Barding Armor
45:52 Blast Furnace
45:21 Light Cavalry
丧心病狂
4:51 Loom
12:00 Feudal Age
16:30 Castle Age
15:26 Double-Bit Axe
18:14 Husbandry
18:03 Horse Collar
23:07 Forging
23:02 Scale Barding Armor
23:51 Bloodlines
27:15 Scale Barding Armor
27:46 Iron Casting
28:45 Wheelbarrow
28:26 Heavy Plow
31:29 Szlachta Privileges
37:32 Chain Barding Armor
39:53 Imperial Age
38:05 Hand Cart
38:18 Gold Mining
39:21 Town Watch
40:06 Town Patrol
40:00 Cavalier
41:51 Blast Furnace
41:17 Conscription
41:22 Lechitic Legacy
41:40 Light Cavalry
43:03 Winged Hussar
not.matiasz
4:23 Loom
9:40 Feudal Age
16:00 Fletching
16:48 Padded Archer Armor
21:16 Castle Age
19:56 Double-Bit Axe
20:00 Horse Collar
22:10 Bodkin Arrow
23:07 Crossbowman
32:02 Imperial Age
31:15 Bow Saw
31:09 Heavy Plow
32:02 Ballistics
32:03 Leather Archer Armor
33:02 Wheelbarrow
32:15 Town Watch
32:53 Bracer
33:45 Arbalester
36:13 Ring Archer Armor
37:28 Chemistry
39:24 Conscription
39:49 Yeomen
43:39 Conscription
44:56 Scale Barding Armor
46:32 Chain Barding Armor
48:01 Light Cavalry
48:43 Husbandry
49:12 Forging
49:38 Plate Barding Armor
Connection lost

Rejoining the realm…

Still unreachable

The connection could not be restored.

Session expired

The server has moved on; the page needs a fresh start.